 Dungeon Crawl Stone Soup version 0.30.0-5-g1a98f26d00 (webtiles) character file.

Game seed: 7899088093131633007

11386 ryw the Fighter (level 11, -13/85 HPs)
             Began as a Demonspawn Monk on May 9, 2023.
             Was an Elder of Hepliaklqana.
             Hit by a large rock thrown by a cyclops (33 damage)
             ... on level 11 of the Dungeon.
             The game lasted 00:23:14 (10964 turns).

ryw the Fighter (Demonspawn Monk)                  Turns: 10964, Time: 00:23:15

Health: -13/85     AC: 10    Str: 13    XL:     11   Next: 48%
Magic:  11/11      EV: 17    Int: 11    God:    Hepliaklqana [****..]
Gold:   1744       SH:  5    Dex: 19    Spells: 10/10 levels left

rFire   + . .        r - +6 dagger of Peril {drain, rPois}
rCold   . . .        M - +0 buckler
rNeg    . . .        n - +2 robe {rF+}
rPois   +            (no helmet)
rElec   .            g - +1 cloak
rCorr   .            (no gloves)
SInv    .            (boots unavailable)
Will    .....        (no amulet)
Stlth   ++           j - +4 ring of slaying
HPRegen 0.34/turn    L - +4 ring of protection
MPRegen 0.12/turn

%: no passive effects
@: studying Fighting
A: reduced essence, hooves 3, demonic guardian 2, ignite blood 1
a: Renounce Religion, Recall Ancestor, Ancestor Identity, Transference, Idealise


You were on level 11 of the Dungeon.
You worshipped Hepliaklqana.
Hepliaklqana was greatly pleased with you.
You visited 2 branches of the dungeon, and saw 12 of its levels.
You also visited: Bailey.

You collected 1744 gold pieces.

Inventory:

Hand Weapons
 r - the +6 dagger of Peril (weapon) {drain, rPois}
   (You found it on level 3 of the Dungeon)

   rPois:     It protects you from poison.
Missiles
 q - 31 poisoned darts (quivered)
 x - 3 throwing nets
 H - 6 atropa-tipped darts
 I - 3 curare-tipped darts
Armour
 c - an orb of light
 g - a +1 cloak (worn)
 n - a +2 robe of fire resistance (worn)
 G - a +3 leather armour of cold resistance
 M - a +0 buckler (worn)
Jewellery
 i - a ring of magical power
 j - a +4 ring of slaying (left hand)
 t - a ring of protection from fire
 L - a +4 ring of protection (right hand)
 N - the ring "Qamomi" {rCorr Str+6 Int+2}
   (You found it on level 9 of the Dungeon)

   [ring of strength]

   Str:       It affects your strength (+6).
   Int:       It affects your intelligence (+2).
   rCorr:     It protects you from acid and corrosion.
Wands
 p - a wand of polymorph (23)
 v - a wand of iceblast (22)
 A - a wand of mindburst (9)
 J - a wand of flame (32)
 K - a wand of light (4)
Scrolls
 h - 2 scrolls of magic mapping
 k - 2 scrolls of fear
 u - 5 scrolls of teleportation
 w - a scroll of noise
 y - a scroll of summoning {unknown}
 E - a scroll of blinking {unknown}
 F - 3 scrolls of enchant weapon
 Q - a scroll of identify
 R - 2 scrolls of vulnerability {unknown}
Potions
 a - 2 potions of brilliance {unknown}
 b - 2 potions of ambrosia
 d - 2 potions of mutation
 e - a potion of invisibility
 f - 4 potions of degeneration
 l - 2 potions of curing
 m - 3 potions of flight
 o - 3 potions of attraction
 s - 2 potions of haste
 z - 2 potions of lignification
 B - 3 potions of heal wounds
 C - a potion of resistance {unknown}
 D - a potion of magic {unknown}
 O - a potion of cancellation {unknown}
 P - a potion of might


   Skills:
 + Level 11.9 Fighting
 - Level 9.9(10.0) Short Blades
 - Level 0.3(6.2) Long Blades
 - Level 0.4(0.9) Axes
 - Level 0.4(0.7) Maces & Flails
 - Level 0.6(1.0) Polearms
 - Level 0.3(0.7) Staves
 - Level 0.4 Ranged Weapons
 - Level 2.0 Throwing
 - Level 0.4 Armour
 + Level 8.9 Dodging
 + Level 2.0 Shields
 - Level 5.0 Unarmed Combat
 - Level 0.2 Spellcasting
 - Level 0.3 Conjurations
 - Level 0.4 Hexes
 - Level 0.3 Summonings
 - Level 0.7 Necromancy
 - Level 0.3 Translocations
 - Level 0.4 Transmutations
 - Level 0.4 Fire Magic
 - Level 0.8 Ice Magic
 - Level 0.3 Air Magic
 - Level 0.4 Earth Magic
 - Level 0.5 Poison Magic
 - Level 0.7 Invocations
 - Level 0.8 Evocations


You had 10 spell levels left.
You didn't know any spells.
Your spell library contained the following spells:

 Spells                   Type           Power      Damage    Failure   Level
 Sting                    Tmut/Pois      4%         1d3       36%         1
 Magic Dart               Conj           0%         1d3       38%         1
 Sublimation of Blood     Necr           1%         N/A       45%         2
 Cigotuvi's Dreadful Rot  Necr/Pois/Air  2%         N/A       50%         2
 Poisonous Vapours        Pois/Air       2%         N/A       52%         2
 Searing Ray              Conj           0%         2d4       54%         2
 Frozen Ramparts          Ice            4%         1d1       69%         3
 Animate Dead             Necr           1%         N/A       98%         4
 Dispel Undead            Necr           1%         3d6       98%         4
 Ice Form                 Ice/Tmut       1%         N/A       98%         4
 Olgreb's Toxic Radiance  Pois           1%         N/A       98%         4
 Petrify                  Tmut/Erth      1%         N/A       98%         4
 Summon Ice Beast         Ice/Summ       1%         N/A       98%         4
 Fulminant Prism          Conj/Hex       0%         3d5       99%         4
 Borgnjor's Vile Clutch   Necr/Erth      0%         N/A       100%        5
 Irradiate                Conj/Tmut      0%         3d11      100%        5
 Conjure Ball Lightning   Conj/Air       0%         3x3d6     100%        6
 Death Channel            Necr           0%         N/A       100%        6


Dungeon Overview and Level Annotations

Branches:
Dungeon (11/15)            Temple (1/1) D:6            Lair (0/5) D:9
    Orc (0/2) D:10         Bailey (visited)

Altars:
Ashenzari
Cheibriados
Dithmenos
Fedhas
Gozag
Hepliaklqana
Kikubaaqudgha
Makhleb
Nemelex Xobeh
Okawaru
Qazlal
Ru
Sif Muna
Trog
Uskayaw
Vehumet
Wu Jian
Yredelemnul

Shops:
D:8 :

Annotations:
D:2 1 runed translucent door, Crazy Yiuf


Innate Abilities, Weirdness & Mutations

Your life essence is reduced to manifest your ancestor. (-10% HP)
You have hooves in place of feet.
A demonic guardian rushes to your aid.
Your demonic aura sometimes causes spilled blood to erupt in flames.


Message History

There is a stone staircase leading down here.
You open the door.
Found a robe.
There is an open door here.
You see here a +0 robe.
A cyclops comes into view.
The cyclops throws a large rock.
The large rock hits you!!
A two-headed ogre comes into view. It is wielding two +0 giant clubs.
The two-headed ogre shouts in stereo!
Found 13 gold pieces.
You block the two-headed ogre's attack. The two-headed ogre misses you.
You hit the two-headed ogre. You drain the two-headed ogre.
You kick the two-headed ogre.
The two-headed ogre is moderately wounded.
You barely miss the two-headed ogre. You kick the two-headed ogre.
The two-headed ogre is moderately wounded.
The two-headed ogre hits you with a +0 giant club!
The two-headed ogre closely misses you.
You puncture the two-headed ogre! You drain the two-headed ogre.
You kick the two-headed ogre.
The two-headed ogre is severely wounded.
The cyclops throws a large rock.
The large rock hits you!!
Thamphthis barely misses the cyclops.
You are too injured to fight recklessly!
You are too injured to fight recklessly!
You hit the two-headed ogre. You drain the two-headed ogre.
You kick the two-headed ogre.
The two-headed ogre is severely wounded.
Thamphthis hits the cyclops but does no damage.
You puncture the two-headed ogre! You drain the two-headed ogre.
You kill the two-headed ogre!
Thamphthis hits the cyclops with a +0 dagger of draining.
The cyclops throws a large rock.
The large rock hits you!
* * * LOW HITPOINT WARNING * * *
Your Shields skill increases to level 2!
Thamphthis hits the cyclops with a +0 dagger of draining. x2
Thamphthis gestures at the cyclops while chanting.
The cyclops easily resists.
The cyclops throws a large rock.
The large rock hits you!!
You die...

#......# #......# #......#
#......# #.CR...# #......#
###### #####......# #....#
#..........#######.##.#
#....^)..@..[....#.##.####
.................'>##.#...
#............^...####.#.#.
#................# #.#.#.
#................# #.#.#.
#$...............# #.#.#.
##+######........# #.#.#.
#........# #.#.#.
#........# #.#.#.


You could see the friendly Thamphthis the hexer and a cyclops (ally target).

Vanquished Creatures
  3 two-headed ogres
  Pikel (D:9)
  3 gargoyles (D:9)
  A troll (D:10)
  A hornet (D:7)
  A shadow (D:10)
  A wyvern (D:8)
  5 yaks (D:11)
  Grum (D:9)
  A steam dragon (D:6)
  8 orc warriors
  An ice beast (D:8)
  A wolf (D:9)
  2 sky beasts
  2 ogres
  3 phantoms
  2 lemures (D:9)
  2 centaurs (D:9)
  3 kobold brigands
  6 bullfrogs
  4 scorpions (D:6)
  14 wights
  13 killer bees
  3 howler monkeys
  A jelly (D:8)
  5 orc priests
  A gnoll bouda (D:7)
  3 hounds
  A hexer (D:8)
  2 iguanas
  5 orc wizards
  15 gnolls
  6 adders
  A shadow imp (D:7)
  A white imp (D:7)
  4 worms
  A dart slug (D:2)
  45 orcs
  9 ball pythons
  12 endoplasms
  2 giant cockroaches
  41 goblins
  30 hobgoblins
  5 quokkas
  6 bats
  3 frilled lizards
  24 kobolds
  8 rats
313 creatures vanquished.

Vanquished Creatures (collateral kills)
  An orc warlord (Bailey)
  Joseph (D:7)
  A gargoyle (D:9)
  2 orc warriors (D:10)
  2 wolves (D:9)
  A lemure (D:9)
  A wight (D:9)
  A killer bee (D:9)
  An orc priest (D:10)
  4 orcs
  3 goblins
  2 hobgoblins (Bailey)
  4 kobolds
24 creatures vanquished.

Vanquished Creatures (others)
  2 hexers
2 creatures vanquished.

Grand Total: 339 creatures vanquished

Notes
Turn   | Place    | Note
-------+----------+-------------------------------------------
     0 | D:1      | ryw the Demonspawn Monk began the quest for the Orb.
     0 | D:1      | Reached XP level 1. HP: 18/18 MP: 1/1
   194 | D:1      | Gained mutation: You have large cloven feet. [demonic
                  | ancestry]
   194 | D:1      | Reached XP level 2. HP: 19/24 MP: 2/2
   606 | D:2      | Reached XP level 3. HP: 22/29 MP: 3/3
   770 | D:2      | Reached XP level 4. HP: 35/35 MP: 4/4
  1085 | D:2      | Found a runed translucent door.
  1086 | D:2      | Noticed Crazy Yiuf
  1511 | D:3      | Identified the +6 dagger of Peril {drain, rPois}
  1540 | D:3      | Reached skill level 5 in Unarmed Combat
  1713 | D:3      | Found a stormy altar of Qazlal.
  2071 | D:4      | Noticed a sky beast
  2071 | D:4      | Noticed a kobold brigand
  2080 | D:4      | Killed a sky beast
  2080 | D:4      | Noticed a phantom
  2081 | D:4      | Gained mutation: A weak demonic guardian rushes to your
                  | aid. [demonic ancestry]
  2081 | D:4      | Reached XP level 5. HP: 41/41 MP: 5/5
  2093 | D:4      | Reached XP level 6. HP: 41/47 MP: 6/6
  2432 | D:4      | Gained mutation: A demonic guardian rushes to your aid.
                  | [demonic ancestry]
  2432 | D:4      | Reached XP level 7. HP: 50/52 MP: 7/7
  2917 | D:5      | Entered Level 5 of the Dungeon
  3222 | D:5      | Noticed a +0 dagger
  3224 | D:5      | Noticed a +0 falchion
  3228 | D:5      | Noticed a +0 spear
  3230 | D:5      | Noticed a +0 short sword
  3694 | D:5      | Noticed a +0 short sword
  3696 | D:5      | Noticed a +0 falchion
  3697 | D:5      | Noticed a +0 spear
  3729 | D:5      | Noticed a +0 dagger
  3741 | D:5      | Gained mutation: Your demonic aura sometimes causes spilled
                  | blood to erupt in flames. [demonic ancestry]
  3741 | D:5      | Reached XP level 8. HP: 60/60 MP: 8/8
  3804 | D:5      | Found a hide-covered altar of Uskayaw.
  3896 | D:5      | Reached skill level 4 in Fighting
  4246 | D:6      | Found a shadowy altar of Dithmenos.
  4284 | D:6      | Reached skill level 5 in Short Blades
  4733 | D:6      | Found a large runed translucent door.
  4736 | D:6      | Found a large runed translucent door.
  5134 | D:6      | Found a staircase to the Ecumenical Temple.
  5347 | D:6      | Reached skill level 5 in Fighting
  5397 | D:6      | Found a broken altar of Ashenzari.
  5400 | D:6      | Found a snail-covered altar of Cheibriados.
  5476 | Temple   | Entered the Ecumenical Temple
  5483 | Temple   | Became a worshipper of Hepliaklqana the Forgotten
  5483 | Temple   | Reached * piety under Hepliaklqana
  5483 | Temple   | Reached ** piety under Hepliaklqana
  5492 | D:6      | Remembered your ancestor Thamphthis as a hexer
  5541 | D:7      | Noticed Joseph
  5623 | D:7      | Killed Joseph
  5624 | D:7      | Reached XP level 9. HP: 56/61 MP: 9/9
  5737 | D:7      | Identified a scroll of acquirement
  5738 | D:7      | Acquired 938 gold pieces
  5772 | D:7      | Reached skill level 5 in Dodging
  5955 | D:7      | Found a flagged portal.
  5990 | Bailey   | Entered a bailey
  6025 | Bailey   | Noticed an orc warlord
  6073 | Bailey   | Reached skill level 6 in Fighting
  6174 | Bailey   | Found a runed translucent gate.
  6177 | Bailey   | Found a runed translucent gate.
  6179 | Bailey   | Found a runed translucent gate.
  6575 | Bailey   | Killed an orc warlord
  6576 | Bailey   | Identified the amulet "Railaoqe" {Acrobat *Corrode rF-
                  | rC+++ Stlth+}
  6817 | D:7      | Acquired a manual of Fighting
  6896 | D:7      | Gained mutation: You have hoof-like feet. [demonic
                  | ancestry]
  6896 | D:7      | Reached XP level 10. HP: 66/69 MP: 10/10
  7113 | D:8      | Found a radiant altar of Vehumet.
  7231 | D:8      | Reached skill level 7 in Fighting
  7376 | D:8      | Found Ynin's Book Shoppe.
  7408 | D:8      | Noticed a two-headed ogre
  7422 | D:8      | Killed a two-headed ogre
  7545 | D:8      | Reached *** piety under Hepliaklqana
  7994 | D:9      | Reached skill level 8 in Fighting
  8023 | D:9      | Noticed Grum
  8032 | D:9      | Killed Grum
  8149 | D:9      | Noticed a two-headed ogre
  8155 | D:9      | Killed a two-headed ogre
  8347 | D:9      | Found a shimmering blue altar of Sif Muna.
  8347 | D:9      | Found a burning altar of Makhleb.
  8355 | D:9      | Reached skill level 9 in Fighting
  8371 | D:9      | Found a bloodstained altar of Trog.
  8373 | D:9      | Found an iron altar of Okawaru.
  8475 | D:9      | Found a staircase to the Lair.
  8506 | D:9      | Identified the +0 long sword of the Tomato {drain, Int+2}
  8855 | D:9      | Noticed a gargoyle
  8857 | D:9      | Noticed a gargoyle
  8858 | D:9      | Noticed a gargoyle
  8870 | D:9      | Killed a gargoyle
  8876 | D:9      | Noticed a gargoyle
  8884 | D:9      | Killed a gargoyle
  8897 | D:9      | HP: 1/75 [gargoyle/stone arrow (11)]
  9216 | D:9      | Noticed Pikel
  9233 | D:9      | Killed Pikel
  9234 | D:9      | Reached skill level 10 in Fighting
  9234 | D:9      | Gained mutation: You have hooves in place of feet. [demonic
                  | ancestry]
  9234 | D:9      | Reached XP level 11. HP: 74/81 MP: 11/11
  9382 | D:9      | Identified the ring "Qamomi" {rCorr Str+6 Int+2}
  9772 | D:10     | Entered Level 10 of the Dungeon
  9845 | D:10     | Reached **** piety under Hepliaklqana
  9926 | D:10     | HP: 2/82 [orc priest/divine providence (13)]
  9930 | D:10     | Reached skill level 11 in Fighting
 10102 | D:10     | Found a sparkling altar of Nemelex Xobeh.
 10164 | D:10     | Got the Papyrus of Voltaic Toxicity
 10399 | D:10     | Found a staircase to the Orcish Mines.
 10867 | D:11     | Reached skill level 1 in Shields
 10954 | D:11     | Noticed a two-headed ogre
 10962 | D:11     | Killed a two-headed ogre
 10964 | D:11     | Hit by a large rock thrown by a cyclops

Illustrated notes

Levels and vault maps discovered:
D:1:      eino_arrival_cavern_e, layout_rooms
D:2:      layout_rooms, minmay_vboxes, uniq_crazy_yiuf_cottage
D:3:      layout_loops_cross, marbit_many_paths, chequers_avenue
D:4:      layout_basic, grunt_ministairs_13, minmay_quantized
D:5:      minmay_goblin_kobold_castle, layout_gridville,
          nicolae_uskayaw_en_pointe, minmay_strange_pillars
D:6:      layout_basic, nicolae_dithmenos_through_a_glass_darkly,
          jmf_multi_god_temple2, minmay_temple_entry_poolview
D:7:      layout_loops_ring, enter_bailey_5, uniq_joseph
D:8:      layout_loops_ring, vehumet_altar_wand_db, serial_shops,
          nicolae_shop_tiny_real_fake_doors, minmay_strange_pillars
D:9:      cheibrodos_statue_roulette, layout_layer_cave,
          chequers_temple_overflow_minitemple, lair_entry_dummy, uniq_grum,
          uniq_pikel
D:10:     layout_loops_ring, mainiacjoe_overflow_catwalk, hiddenorc2_lemuel,
          centaur_isle
D:11:     layout_basic, minivault_24, wad_floor_pattern_untrapped,
          xom_shifter_show
Temple:   hellmonk_temple_rainy

Skill      XL: |  1  2  3  4  5  6  7  8  9 10 11 |
---------------+----------------------------------+-----
Unarmed Combat | 3 4 5 |  5.0
Short Blades   | 2 3 4 6 8 9 |  9.9
Throwing       | 2 |  2.0
Dodging        | 3 4 6 7 8 |  8.9
Fighting       | 5 6 10 11 | 11.9
Shields        | 2 |  2.0
Long Blades    | |  0.3
Axes           | |  0.4
Maces & Flails | |  0.4
Polearms       | |  0.6
Staves         | |  0.3
Ranged Weapons | |  0.4
Armour         | |  0.4
Spellcasting   | |  0.2
Conjurations   | |  0.3
Hexes          | |  0.4
Summonings     | |  0.3
Necromancy     | |  0.7
Translocations | |  0.3
Transmutations | |  0.4
Fire Magic     | |  0.4
Ice Magic      | |  0.8
Air Magic      | |  0.3
Earth Magic    | |  0.4
Poison Magic   | |  0.5
Invocations    | |  0.7
Evocations     | |  0.8

Action                     |  1- 3 |  4- 6 |  7- 9 | 10-12 || total
---------------------------+-------+-------+-------+-------++-------
  Melee: Unarmed           |    80 |    50 |       |       ||   130
         Kick              |    21 |    27 |    64 |   122 ||   234
         Dagger            |       |    54 |   231 |   274 ||   559
  Throw: Dart              |       |       |     8 |     3 ||    11
 Invoke: Ancestor Life: He |       |       |     1 |       ||     1
    Use: Scroll            |     3 |     3 |    10 |     2 ||    18
         Potion            |       |       |     1 |     1 ||     2
   Stab: Distracted        |       |       |     1 |     2 ||     3
         Confused          |       |       |       |     4 ||     4
 Armour: Robe              |    19 |    15 |    27 |    40 ||   101
  Dodge: Dodged            |    39 |    43 |   134 |   140 ||   356
  Block: Buckler           |       |       |       |     3 ||     3
